 Dungeon Crawl Stone Soup version 0.19-a0-462-g6140235 (webtiles) character file.

2390 Ordine the Cleaver (level 9, -1/70 HPs)
             Began as a Minotaur Berserker on June 3, 2016.
             Was a High Priest of Trog.
             Killed from afar by a starcursed mass (5 damage)
             ... with an accursed screaming
             ... on level 2 of the Abyss.
             The game lasted 00:28:32 (6499 turns).

Ordine the Cleaver (Minotaur Berserker)             Turns: 6499, Time: 00:28:33

Health: -1/70      AC:  8    Str: 22    XL:     9   Next: 22%
Magic:  8/8        EV: 13    Int:  4    God:    Trog [*****.]
Gold:   107        SH:  0    Dex: 13    Spells: 0 memorised, 8 levels left

rFire  . . .     SeeInvis .     v - +2 war axe (flame)
rCold  . . .     Gourm    .     z - +3 ring mail "Hikec" {rCorr}
rNeg   . . .     Faith    .     (no shield)
rPois  .         Spirit   .     (helmet restricted)
rElec  .         Dismiss  .     (no cloak)
rCorr  +         Reflect  .     (no gloves)
SustAt .         Harm     .     (no boots)
MR     .....                    (no amulet)
Stlth  +.........               (no ring)
                                y - +2 ring of evasion

@: not resistant to hostile enchantments, very unstealthy
A: retaliatory headbutt, horns 2
a: Berserk, Trog's Hand, Brothers in Arms, Burn Spellbooks, Renounce Religion


You were on level 2 of the Abyss.
You worshipped Trog.
Trog was extremely pleased with you.
You were not hungry.

You visited 2 branches of the dungeon, and saw 8 of its levels.
You visited the Abyss 1 time.

You collected 481 gold pieces.
You spent 374 gold pieces at shops.

Inventory:

Hand Weapons
 v - a +2 war axe of flaming (weapon)
Armour
 z - the +3 ring mail "Hikec" (worn) {rCorr}
   (You found it on level 6 of the Dungeon)

   It protects you from acid and corrosion.
Jewellery
 y - a +2 ring of evasion (left hand)
Wands
 A - a wand of flame (31/48)
Scrolls
 g - 2 scrolls of remove curse
 i - 2 scrolls of noise
 m - 2 scrolls of magic mapping
 n - a scroll of fog
 p - a scroll of holy word
 q - a scroll of immolation
 s - a scroll of torment
 u - a scroll of enchant armour
Potions
 b - 4 potions of haste
 d - 2 potions of magic
 e - 6 potions of curing
 f - 2 potions of brilliance
 j - 3 potions of invisibility
 l - 2 potions of mutation
 r - 3 potions of heal wounds
 w - a potion of might
 x - a potion of lignification
Comestibles
 a - 6 chunks of flesh
 c - 8 bread rations
 h - 7 fruits
 k - 5 meat rations
 o - 2 slices of pizza


   Skills:
 - Level 3.6 Fighting
 + Level 14.4 Axes
 - Level 2.4 Armour
 - Level 2.1 Dodging


You had 8 spell levels left.
You didn't know any spells.

Dungeon Overview and Level Annotations

Branches:
Dungeon (7/15)             Temple (1/1) D:5

Altars:
Ashenzari
Cheibriados
Dithmenos
Elyvilon
Fedhas
Gozag
Hepliaklqana
Kikubaaqudgha
Makhleb
Nemelex Xobeh
Okawaru
Pakellas
Qazlal
Ru
Sif Muna
Trog
Uskayaw
Vehumet
Xom
Yredelemnul
Zin
The Shining One

Shops:
D:5 ?!:*

Annotations:
D:7 xvga's ghost, novice HuCK


Innate Abilities, Weirdness & Mutations

You reflexively headbutt those who attack you in melee.
You have a pair of horns on your head.


Message History

Something smites you!
A quasit comes into view.
The quasit gives a chilling moan.
The smoke demon gestures at you. Something smites you!
Found 12 poisoned needles.
Found 23 gold pieces.
The smoke demon gestures at you. Something smites you!
* * * LOW HITPOINT WARNING * * *
A starcursed mass comes into view.
A starcursed mass splits.
The smoke demon gestures at you. Something smites you!
* * * LOW HITPOINT WARNING * * *
A starcursed mass splits.
The quasit bites you but does no damage.
The quasit closely misses you. The quasit barely misses you.
The starcursed mass shrieks in your mind.
You die...

...
.............X.
.##..##
.##..##.X# . .
#..
#..##..##..##..
...
.....$...X......
##
###.#...#.#.#..##
##..###.#..####
#.##.#..#..... ##
##5...####
#.@.###.# #..#.#
# ##..## ..# #.#
##


You could see a starcursed mass and a quasit.

Vanquished Creatures
  Duvessa (D:4)
  A sky beast (D:7)
  3 phantoms
  4 ogres
  A centaur (D:5)
  3 big kobolds (D:4)
  Dowan (D:4)
  2 scorpions (D:4)
  An oklob sapling (D:5)
  3 howler monkeys
  3 crimson imps
  A centaur zombie (D:7)
  4 orc priests
  5 hounds
  4 orc wizards
  Jessica (D:3)
  An iguana (D:7)
  2 worker ants
  A hound skeleton (D:5)
  16 gnolls
  4 adders
  A shadow imp (D:5)
  An ooze (D:5)
  An adder zombie (D:6)
  5 worms
  A dart slug (D:2)
  6 giant geckos
  14 orcs
  A giant cockroach (D:2)
  37 goblins
  32 hobgoblins
  13 jackals
  2 quokkas
  2 ball pythons
  8 bats
  6 giant newts
  A jackal skeleton (D:4)
  10 kobolds
  4 rats
  2 plants (D:5)
209 creatures vanquished.

Notes
Turn   | Place    | Note
--------------------------------------------------------------
     0 | D:1      | Ordine the Minotaur Berserker began the quest for the Orb.
     0 | D:1      | Reached XP level 1. HP: 19/19 MP: 0/0
   253 | D:1      | Reached skill level 4 in Axes
   385 | D:1      | Reached XP level 2. HP: 23/26 MP: 1/1
   671 | D:2      | Reached skill level 5 in Axes
   784 | D:2      | Reached XP level 3. HP: 28/31 MP: 2/2
   795 | D:2      | Found a glowing golden altar of the Shining One.
   813 | D:2      | Reached ** piety under Trog
  1298 | D:3      | Reached XP level 4. HP: 23/39 MP: 3/3
  1630 | D:3      | Reached skill level 6 in Axes
  1636 | D:3      | Noticed Jessica
  1641 | D:3      | Killed Jessica
  1893 | D:3      | Reached XP level 5. HP: 44/45 MP: 4/4
  1896 | D:3      | Reached skill level 7 in Axes
  1995 | D:3      | Found a basalt altar of Yredelemnul.
  2012 | D:3      | Reached *** piety under Trog
  2444 | D:3      | Noticed an ogre
  2450 | D:3      | Killed an ogre
  2450 | D:3      | Reached skill level 8 in Axes
  2450 | D:3      | Reached XP level 6. HP: 50/51 MP: 5/5
  2717 | D:4      | Noticed Duvessa
  2718 | D:4      | Noticed Dowan
  2866 | D:4      | Killed Duvessa
  2866 | D:4      | Reached skill level 9 in Axes
  2882 | D:4      | Killed Dowan
  3045 | D:4      | Reached XP level 7. HP: 50/57 MP: 6/6
  3285 | D:4      | Got a heavily runed leather armour
  3299 | D:4      | Identified the cursed +1 leather armour "Ycraumek" {MR+ MP+9} (You found it on level 4 of the Dungeon)
  3380 | D:4      | Reached **** piety under Trog
  3424 | D:4      | Reached skill level 10 in Axes
  3462 | D:4      | Reached skill level 11 in Axes
  3807 | D:4      | Reached ***** piety under Trog
  4041 | D:4      | Found a bloodstained altar of Trog.
  4054 | D:4      | Reached XP level 8. HP: 57/64 MP: 7/7
  4367 | D:5      | Entered Level 5 of the Dungeon
  4367 | D:5      | Found a stormy altar of Qazlal.
  4368 | D:5      | Found Riniliza's General Store.
  4383 | D:5      | Bought a scroll of holy word for 90 gold pieces
  4383 | D:5      | Bought a potion of curing for 36 gold pieces
  4383 | D:5      | Bought a scroll of torment for 90 gold pieces
  4383 | D:5      | Bought 2 fruits for 36 gold pieces
  4383 | D:5      | Bought a scroll of identify for 24 gold pieces
  4418 | D:5      | Found a staircase to the Ecumenical Temple.
  4436 | D:5      | Found Dich's Book Emporium.
  4468 | D:5      | Found a radiant altar of Vehumet.
  4468 | D:5      | Found a white marble altar of Elyvilon.
  4469 | D:5      | Found an oddly glowing altar of Pakellas.
  4470 | D:5      | Found an iron altar of Okawaru.
  4472 | D:5      | Found a shimmering altar of Xom.
  4504 | D:5      | Reached skill level 12 in Axes
  4999 | D:5      | Reached skill level 13 in Axes
  5176 | D:5      | Found Veuquc's Distillery.
  5184 | D:5      | Bought a potion of might for 48 gold pieces
  5184 | D:5      | Bought a potion of lignification for 36 gold pieces
  5226 | D:5      | Found Zupsuzya's Magic Scroll Shoppe.
  5236 | D:5      | Bought a scroll of random uselessness for 14 gold pieces
  5259 | D:5      | Received a gift from Trog
  5359 | Temple   | Entered the Ecumenical Temple
  5643 | D:6      | Got an encrusted ring mail
  5659 | D:6      | Identified the +3 ring mail "Hikec" {rCorr} (You found it on level 6 of the Dungeon)
  5695 | D:6      | Found a shadowy altar of Dithmenos.
  6081 | D:6      | Reached XP level 9. HP: 68/70 MP: 8/8
  6335 | D:7      | Reached skill level 14 in Axes
  6417 | D:7      | Noticed xvga's ghost (novice HuCK)
  6441 | D:7      | Cast into level 2 of the Abyss (xvga's ghost)
  6470 | Abyss:2  | Noticed a smoke demon
  6494 | Abyss:2  | Noticed a starcursed mass
  6494 | Abyss:2  | HP: 3/70 [smoke demon/divine providence (10)]
  6499 | Abyss:2  | Killed from afar by a starcursed mass

Vault maps used:
D:1:      sevenhm_arrival_forest_fort_small_4
D:2:      tso_metal_star, first_bread, serial_bayou_pond_c, minmay_crystal_room
D:3:      lemuel_round_altar, kennysheep_generic_room_3, uniq_jessica
D:4:      minmay_goblin_kobold_castle, lightli_temple_of_fire, uniq_duvessa
D:5:      corexii_shack_village, overflow_temple_1_default, minitemple,
          minmay_temple_entry_oklob, serial_shops, shop, shop, shop_scrolls,
          nicolae_shop_crystal
D:6:      nicolae_dithmenos_the_darkroom, grunt_ministairs_13
D:7:      uniq_joseph, uniq_crazy_yiuf_cottage
Temple:   circular_temple_12
Abyss:2:  evilmike_abyss_exit_chaos

Skill      XL: |  1  2  3  4  5  6  7  8  9 |
---------------+----------------------------+-----
Axes           | 4 5 6 8 9 11 13 14 | 14.4
Fighting       | |  3.6
Armour         | |  2.4
Dodging        | |  2.1

Action                   |  1- 3 |  4- 6 |  7- 9 || total
-------------------------+-------+-------+-------++-------
Melee: Hand axe          |    99 |    82 |       ||   181
       Headbutt          |    12 |    20 |    39 ||    71
       War axe           |       |    41 |   237 ||   278
Invok: Berserk           |       |     3 |     6 ||     9
       Brothers in Arms  |       |       |     1 ||     1
  Use: Scroll            |    12 |     4 |     9 ||    25
  Eat: Chunk             |     1 |     9 |    17 ||    27
Armor: Animal skin       |     3 |       |       ||     3
       Ring mail         |    33 |     7 |    17 ||    57
       Chain mail        |       |    52 |     3 ||    55
       Leather armour    |       |       |    29 ||    29
       Plate armour      |       |       |     8 ||     8
Dodge: Dodged            |    62 |    46 |   127 ||   235
